2740 views
Uploaded 2020-01-30 01:11:51
Game version 1.32 / 1.32.1
38:49 long 4on4 ladder game on (8)Battleground_LV
Saved by ChuckleMan
2740 views
Uploaded 2020-01-30 01:11:51
Game version 1.32 / 1.32.1
38:49 long 4on4 ladder game on (8)Battleground_LV


186 units @ 23.3k
/ 2.7k
329 buildings @ 24.6k
/ 11.9k


| Healing Salve | 4 | 400 |
| Scroll of Speed | 2 | 100 |
| total: | 6 | 500g |
| Peon | 7 | 525 | / | 0 |
| Grunt | 8 | 1600 | / | 0 |
| Troll Witch Doctor | 4 | 580 | / | 100 |
| Shaman | 2 | 260 | / | 40 |
| Troll Batrider | 3 | 480 | / | 120 |
| total: | 24 | 3445g | / | 260w |
| Orc Burrow | 9 | 1440 | / | 360 |
| Altar of Storms | 4 | 720 | / | 200 |
| Barracks | 2 | 360 | / | 100 |
| Voodoo Lounge | 1 | 130 | / | 30 |
| War Mill | 1 | 205 | / | 0 |
| Great Hall | 2 | 770 | / | 370 |
| Spirit Lodge | 2 | 300 | / | 300 |
| Beastiary | 1 | 145 | / | 140 |
| Stronghold | 1 | 315 | / | 190 |
| Fortress | 1 | 325 | / | 190 |
| total: | 22 | 4070g | / | 1500w |
| 0:07 | Peon |
| 0:07 | Peon |
| 0:14 | Orc Burrow |
| 0:26 | Altar of Storms |
| 0:33 | Peon |
| 0:48 | Peon |
| 1:01 | Peon |
| 1:09 | Barracks |
| 1:26 | Peon |
| 1:42 | Barracks |
| 2:09 | Voodoo Lounge |
| 2:12 | Grunt |
| 2:35 | Wind Walk |
| 2:50 | Orc Burrow |
| 3:20 | Orc Burrow |
| 3:47 | Grunt |
| 3:48 | Grunt |
| 3:59 | War Mill |
| 4:04 | Stronghold |
| 4:23 | Grunt |
| 4:32 | Healing Salve |
| 4:58 | Critical Strike |
| 5:05 | Grunt |
| 5:29 | Grunt |
| 5:30 | Grunt |
| 6:11 | Grunt |
| 6:14 | Steel Melee Weapons |
| 6:23 | Orc Burrow |
| 6:27 | Healing Salve |
| 6:28 | Scroll of Speed |
| 6:58 | Spirit Lodge |
| 7:22 | Great Hall |
| 8:05 | Wind Walk |
| 8:25 | Orc Burrow |
| 8:30 | Troll Witch Doctor |
| 9:45 | Fortress |
| 9:47 | Troll Witch Doctor |
| 9:53 | Spirit Lodge |
| 9:59 | Endurance Aura |
| 10:05 | Scroll of Speed |
| 10:06 | Healing Salve |
| 10:20 | Witch Doctor Adept Training |
| 11:40 | Shaman |
| 11:40 | Shaman |
| 11:50 | Orc Burrow |
| 12:13 | Witch Doctor Master Training |
| 12:58 | Troll Witch Doctor |
| 12:58 | Troll Witch Doctor |
| 13:02 | Thorium Melee Weapons |
| 13:09 | Orc Burrow |
| 13:57 | Beastiary |
| 14:26 | Peon |
| 15:29 | Shaman Adept Training |
| 16:40 | Troll Batrider |
| 16:40 | Troll Batrider |
| 16:40 | Troll Batrider |
| 16:45 | Healing Salve |
| 18:56 | Altar of Storms |
| 19:02 | Orc Burrow |
| 19:12 | Altar of Storms |
| 19:21 | Orc Burrow |
| 19:38 | Great Hall |
| 21:33 | Altar of Storms |
| Right click | 691 |
| Select | 176 |
| Chat | 114 |
| Misc. action | 94 |
| Select group | 88 |
| Build/train/purchase | 58 |
| Use ability | 17 |
| Assign group | 16 |
| Esc | 5 |
| Minimap ping | 1 |

| Scroll of Regeneration | 2 | 200 |
| Lesser Clarity Potion | 1 | 70 |
| total: | 3 | 270g |
| Peasant | 46 | 3450 | / | 0 |
| Gryphon Rider | 5 | 1400 | / | 350 |
| Dragonhawk Rider | 4 | 800 | / | 120 |
| Peon | 5 | 375 | / | 0 |
| Troll Batrider | 8 | 1280 | / | 320 |
| total: | 68 | 7305g | / | 790w |
| Scout Tower | 132 | 3960 | / | 2640 |
| Arcane Tower | 2 | 140 | / | 100 |
| Guard Tower | 61 | 4270 | / | 3050 |
| Farm | 17 | 1360 | / | 340 |
| Altar of Kings | 2 | 360 | / | 100 |
| Lumber Mill | 5 | 600 | / | 0 |
| Town Hall | 4 | 1540 | / | 820 |
| Arcane Vault | 2 | 260 | / | 60 |
| Gryphon Aviary | 3 | 420 | / | 450 |
| Keep | 1 | 320 | / | 210 |
| Castle | 1 | 360 | / | 210 |
| Altar of Storms | 1 | 180 | / | 50 |
| Orc Burrow | 6 | 960 | / | 240 |
| Voodoo Lounge | 1 | 130 | / | 30 |
| Beastiary | 4 | 580 | / | 560 |
| Stronghold | 1 | 315 | / | 190 |
| total: | 177 | 10350g | / | 5290w |
| 0:07 | Peasant |
| 0:07 | Peasant |
| 0:12 | Farm |
| 0:16 | Altar of Kings |
| 0:20 | Lumber Mill |
| 0:24 | Lumber Mill |
| 0:48 | Peasant |
| 0:48 | Peasant |
| 0:48 | Peasant |
| 1:01 | Farm |
| 1:10 | Peasant |
| 1:31 | Scout Tower |
| 1:39 | Peasant |
| 1:39 | Peasant |
| 1:57 | Peasant |
| 1:58 | Arcane Tower |
| 2:24 | Blizzard |
| 2:30 | Peasant |
| 2:30 | Peasant |
| 2:30 | Peasant |
| 2:49 | Scout Tower |
| 2:51 | Scout Tower |
| 2:52 | Scout Tower |
| 2:53 | Scout Tower |
| 2:55 | Scout Tower |
| 3:02 | Scout Tower |
| 3:06 | Scout Tower |
| 3:10 | Peasant |
| 3:10 | Peasant |
| 3:15 | Farm |
| 3:48 | Guard Tower |
| 3:51 | Peasant |
| 3:51 | Peasant |
| 4:13 | Scout Tower |
| 4:23 | Guard Tower |
| 4:30 | Scout Tower |
| 4:42 | Scout Tower |
| 4:44 | Scout Tower |
| 4:44 | Scout Tower |
| 5:11 | Guard Tower |
| 5:17 | Guard Tower |
| 5:23 | Scout Tower |
| 5:36 | Scout Tower |
| 5:37 | Scout Tower |
| 5:40 | Scout Tower |
| 6:10 | Town Hall |
| 6:13 | Scout Tower |
| 6:15 | Scout Tower |
| 6:17 | Scout Tower |
| 6:18 | Scout Tower |
| 6:22 | Peasant |
| 6:22 | Peasant |
| 6:22 | Peasant |
| 6:41 | Peasant |
| 6:41 | Peasant |
| 6:43 | Improved Masonry |
| 6:46 | Lumber Mill |
| 6:49 | Guard Tower |
| 7:06 | Arcane Vault |
| 7:18 | Arcane Vault |
| 7:20 | Brilliance Aura |
| 7:25 | Scout Tower |
| 7:26 | Scout Tower |
| 7:27 | Scout Tower |
| 7:28 | Scout Tower |
| 7:35 | Scout Tower |
| 7:36 | Scout Tower |
| 7:37 | Scout Tower |
| 7:37 | Scout Tower |
| 8:01 | Peasant |
| 8:01 | Peasant |
| 8:06 | Scout Tower |
| 8:08 | Guard Tower |
| 8:17 | Guard Tower |
| 8:23 | Peasant |
| 8:24 | Peasant |
| 8:25 | Guard Tower |
| 8:34 | Scroll of Regeneration |
| 8:37 | Lesser Clarity Potion |
| 8:37 | Scroll of Regeneration |
| 8:48 | Guard Tower |
| 8:51 | Scout Tower |
| 8:55 | Lumber Mill |
| 9:00 | Guard Tower |
| 9:02 | Scout Tower |
| 9:06 | Scout Tower |
| 9:18 | Peasant |
| 9:18 | Peasant |
| 9:18 | Peasant |
| 9:20 | Scout Tower |
| 9:23 | Scout Tower |
| 9:23 | Scout Tower |
| 9:29 | Scout Tower |
| 9:29 | Scout Tower |
| 9:30 | Scout Tower |
| 9:31 | Scout Tower |
| 9:32 | Scout Tower |
| 9:33 | Scout Tower |
| 9:39 | Scout Tower |
| 9:39 | Scout Tower |
| 9:40 | Scout Tower |
| 9:47 | Scout Tower |
| 9:51 | Peasant |
| 9:51 | Peasant |
| 9:55 | Guard Tower |
| 10:00 | Guard Tower |
| 10:02 | Guard Tower |
| 10:08 | Peasant |
| 10:08 | Peasant |
| 10:14 | Guard Tower |
| 10:16 | Guard Tower |
| 10:20 | Guard Tower |
| 10:46 | Scout Tower |
| 10:47 | Scout Tower |
| 10:48 | Scout Tower |
| 10:57 | Guard Tower |
| 11:15 | Scout Tower |
| 11:15 | Scout Tower |
| 11:43 | Guard Tower |
| 11:50 | Scout Tower |
| 11:51 | Scout Tower |
| 11:51 | Scout Tower |
| 11:52 | Scout Tower |
| 11:52 | Scout Tower |
| 11:54 | Scout Tower |
| 11:54 | Scout Tower |
| 11:56 | Scout Tower |
| 11:57 | Scout Tower |
| 11:59 | Scout Tower |
| 12:07 | Keep |
| 12:11 | Guard Tower |
| 12:19 | Scout Tower |
| 12:20 | Scout Tower |
| 12:22 | Guard Tower |
| 12:23 | Guard Tower |
| 12:31 | Guard Tower |
| 12:41 | Guard Tower |
| 12:56 | Farm |
| 12:57 | Farm |
| 13:17 | Guard Tower |
| 14:21 | Scout Tower |
| 14:22 | Scout Tower |
| 14:23 | Scout Tower |
| 14:23 | Scout Tower |
| 14:33 | Scout Tower |
| 14:33 | Scout Tower |
| 14:42 | Scout Tower |
| 14:43 | Scout Tower |
| 14:43 | Scout Tower |
| 14:52 | Improved Lumber Harvesting |
| 14:55 | Guard Tower |
| 14:57 | Scout Tower |
| 14:59 | Scout Tower |
| 15:01 | Guard Tower |
| 15:02 | Guard Tower |
| 15:06 | Scout Tower |
| 15:08 | Scout Tower |
| 15:13 | Peasant |
| 15:14 | Peasant |
| 15:14 | Peasant |
| 15:16 | Guard Tower |
| 15:40 | Guard Tower |
| 15:53 | Scout Tower |
| 15:56 | Guard Tower |
| 16:07 | Peasant |
| 16:07 | Peasant |
| 16:07 | Peasant |
| 16:08 | Peasant |
| 16:08 | Peasant |
| 16:44 | Guard Tower |
| 16:53 | Farm |
| 16:56 | Scout Tower |
| 16:57 | Scout Tower |
| 16:58 | Scout Tower |
| 16:59 | Scout Tower |
| 17:01 | Scout Tower |
| 17:26 | Scout Tower |
| 17:28 | Scout Tower |
| 17:29 | Scout Tower |
| 17:30 | Scout Tower |
| 17:45 | Altar of Kings |
| 17:57 | Guard Tower |
| 18:04 | Scout Tower |
| 18:05 | Scout Tower |
| 18:06 | Scout Tower |
| 18:06 | Scout Tower |
| 18:12 | Guard Tower |
| 18:14 | Guard Tower |
| 18:16 | Scout Tower |
| 18:17 | Scout Tower |
| 18:23 | Peasant |
| 18:23 | Peasant |
| 18:23 | Peasant |
| 18:29 | Scout Tower |
| 18:31 | Scout Tower |
| 18:36 | Guard Tower |
| 18:49 | Town Hall |
| 18:54 | Town Hall |
| 18:58 | Guard Tower |
| 19:17 | Guard Tower |
| 19:26 | Scout Tower |
| 19:35 | Farm |
| 19:42 | Scout Tower |
| 19:46 | Peasant |
| 19:46 | Peasant |
| 19:47 | Peasant |
| 20:04 | Farm |
| 20:11 | Guard Tower |
| 20:40 | Lumber Mill |
| 20:42 | Arcane Tower |
| 20:55 | Scout Tower |
| 20:57 | Scout Tower |
| 20:57 | Scout Tower |
| 20:58 | Scout Tower |
| 21:00 | Scout Tower |
| 21:01 | Scout Tower |
| 21:03 | Scout Tower |
| 21:03 | Scout Tower |
| 21:05 | Scout Tower |
| 21:29 | Advanced Masonry |
| 21:31 | Guard Tower |
| 21:35 | Guard Tower |
| 21:36 | Guard Tower |
| 21:42 | Guard Tower |
| 21:44 | Guard Tower |
| 21:54 | Scout Tower |
| 21:57 | Scout Tower |
| 22:01 | Scout Tower |
| 22:21 | Scout Tower |
| 22:24 | Scout Tower |
| 22:27 | Scout Tower |
| 22:28 | Scout Tower |
| 22:31 | Guard Tower |
| 23:07 | Scout Tower |
| 23:07 | Scout Tower |
| 23:18 | Scout Tower |
| 23:20 | Scout Tower |
| 23:21 | Scout Tower |
| 23:21 | Scout Tower |
| 23:23 | Scout Tower |
| 23:24 | Scout Tower |
| 23:25 | Scout Tower |
| 23:26 | Scout Tower |
| 23:34 | Guard Tower |
| 23:38 | Scout Tower |
| 23:42 | Scout Tower |
| 23:45 | Guard Tower |
| 24:20 | Town Hall |
| 24:31 | Guard Tower |
| 25:20 | Scout Tower |
| 25:22 | Guard Tower |
| 25:24 | Scout Tower |
| 25:38 | Castle |
| 25:47 | Gryphon Aviary |
| 25:49 | Gryphon Aviary |
| 26:28 | Guard Tower |
| 26:41 | Altar of Storms |
| 26:46 | Gryphon Aviary |
| 27:20 | Farm |
| 27:22 | Farm |
| 27:23 | Farm |
| 27:25 | Farm |
| 27:34 | Scout Tower |
| 28:39 | Gryphon Rider |
| 28:39 | Gryphon Rider |
| 29:00 | Stronghold |
| 30:16 | Cloud |
| 30:17 | Dragonhawk Rider |
| 30:20 | Gryphon Rider |
| 30:37 | Guard Tower |
| 30:48 | Scout Tower |
| 31:04 | Gryphon Rider |
| 31:08 | Farm |
| 31:09 | Farm |
| 31:09 | Farm |
| 31:12 | Farm |
| 31:12 | Farm |
| 31:23 | Storm Hammers |
| 31:32 | Scout Tower |
| 32:49 | Gryphon Rider |
| 32:53 | Dragonhawk Rider |
| 32:53 | Dragonhawk Rider |
| 32:58 | Beastiary |
| 32:59 | Beastiary |
| 33:02 | Orc Burrow |
| 33:04 | Peon |
| 33:04 | Peon |
| 33:04 | Peon |
| 33:10 | Orc Burrow |
| 33:14 | Beastiary |
| 33:16 | Beastiary |
| 33:22 | Peon |
| 33:22 | Peon |
| 34:20 | Voodoo Lounge |
| 34:22 | Orc Burrow |
| 34:23 | Orc Burrow |
| 34:26 | Orc Burrow |
| 34:27 | Orc Burrow |
| 35:52 | Troll Batrider |
| 35:52 | Troll Batrider |
| 36:02 | Troll Batrider |
| 36:02 | Troll Batrider |
| 36:21 | Dragonhawk Rider |
| 38:25 | Troll Batrider |
| 38:25 | Troll Batrider |
| 38:25 | Troll Batrider |
| 38:25 | Troll Batrider |
| 38:32 | Scout Tower |
| 38:32 | Scout Tower |
| 38:36 | Scout Tower |
| Right click | 540 |
| Select | 540 |
| Build/train/purchase | 159 |
| Select group | 157 |
| Assign group | 24 |
| Use ability | 21 |
| Resource trade | 21 |
| Misc. action | 11 |
| Remove unit | 3 |
| Item give/drop | 1 |
| Minimap ping | 1 |


| Lesser Clarity Potion | 3 | 210 |
| Scroll of Regeneration | 5 | 500 |
| Staff of Sanctuary | 2 | 500 |
| Scroll of Town Portal | 4 | 1400 |
| Boots of Speed | 2 | 500 |
| Staff of Teleportation | 2 | 300 |
| Potion of Invisibility | 1 | 100 |
| Scroll of Protection | 1 | 150 |
| Healing Salve | 2 | 200 |
| Scroll of Speed | 2 | 100 |
| Orb of Lightning | 2 | 750 |
| total: | 26 | 4710g |
| Peasant | 41 | 3075 | / | 0 |
| Sorceress | 1 | 155 | / | 20 |
| Gryphon Rider | 7 | 1960 | / | 490 |
| Dragonhawk Rider | 1 | 200 | / | 30 |
| total: | 50 | 5390g | / | 540w |
| Scout Tower | 84 | 2520 | / | 1680 |
| Arcane Tower | 2 | 140 | / | 100 |
| Guard Tower | 49 | 3430 | / | 2450 |
| Altar of Kings | 1 | 180 | / | 50 |
| Farm | 12 | 960 | / | 240 |
| Lumber Mill | 1 | 120 | / | 0 |
| Town Hall | 6 | 2310 | / | 1230 |
| Arcane Vault | 2 | 260 | / | 60 |
| Blacksmith | 1 | 140 | / | 60 |
| Barracks | 1 | 160 | / | 60 |
| Arcane Sanctum | 1 | 150 | / | 140 |
| Gryphon Aviary | 6 | 840 | / | 900 |
| Keep | 3 | 960 | / | 630 |
| Castle | 1 | 360 | / | 210 |
| total: | 115 | 7640g | / | 4420w |
| 0:03 | Peasant |
| 0:03 | Peasant |
| 0:07 | Altar of Kings |
| 0:10 | Farm |
| 0:12 | Peasant |
| 0:24 | Peasant |
| 0:35 | Peasant |
| 0:43 | Farm |
| 0:55 | Lumber Mill |
| 0:57 | Peasant |
| 1:04 | Peasant |
| 1:15 | Peasant |
| 1:30 | Scout Tower |
| 1:35 | Peasant |
| 1:44 | Scout Tower |
| 1:48 | Scout Tower |
| 1:50 | Peasant |
| 1:53 | Farm |
| 1:57 | Arcane Tower |
| 2:08 | Blizzard |
| 2:14 | Peasant |
| 2:18 | Guard Tower |
| 2:20 | Scout Tower |
| 2:25 | Scout Tower |
| 2:30 | Peasant |
| 2:30 | Peasant |
| 2:33 | Guard Tower |
| 2:47 | Guard Tower |
| 2:49 | Scout Tower |
| 3:06 | Peasant |
| 3:25 | Peasant |
| 3:26 | Peasant |
| 3:28 | Scout Tower |
| 3:57 | Town Hall |
| 4:03 | Town Hall |
| 4:04 | Brilliance Aura |
| 4:07 | Guard Tower |
| 4:17 | Scout Tower |
| 4:22 | Scout Tower |
| 4:35 | Peasant |
| 4:46 | Guard Tower |
| 4:50 | Scout Tower |
| 4:52 | Scout Tower |
| 4:53 | Scout Tower |
| 4:54 | Scout Tower |
| 4:58 | Guard Tower |
| 4:59 | Scout Tower |
| 5:17 | Guard Tower |
| 5:19 | Peasant |
| 5:22 | Guard Tower |
| 5:29 | Guard Tower |
| 5:31 | Guard Tower |
| 5:35 | Guard Tower |
| 5:40 | Peasant |
| 5:43 | Scout Tower |
| 5:46 | Scout Tower |
| 5:49 | Scout Tower |
| 5:57 | Peasant |
| 6:02 | Arcane Vault |
| 6:14 | Keep |
| 6:14 | Keep |
| 6:19 | Scout Tower |
| 6:29 | Peasant |
| 6:30 | Peasant |
| 6:30 | Peasant |
| 6:36 | Guard Tower |
| 6:48 | Scout Tower |
| 6:49 | Guard Tower |
| 7:18 | Peasant |
| 7:18 | Peasant |
| 7:19 | Peasant |
| 7:19 | Peasant |
| 7:24 | Blizzard |
| 7:29 | Scout Tower |
| 7:31 | Scout Tower |
| 7:45 | Peasant |
| 7:45 | Peasant |
| 7:49 | Town Hall |
| 7:56 | Guard Tower |
| 7:59 | Scout Tower |
| 8:01 | Scout Tower |
| 8:04 | Guard Tower |
| 8:05 | Scout Tower |
| 8:06 | Scout Tower |
| 8:08 | Healing Salve |
| 8:10 | Lesser Clarity Potion |
| 8:10 | Scroll of Speed |
| 8:35 | Scout Tower |
| 8:36 | Scout Tower |
| 8:37 | Scout Tower |
| 8:37 | Scout Tower |
| 8:38 | Scout Tower |
| 8:38 | Scout Tower |
| 8:39 | Scout Tower |
| 8:39 | Scout Tower |
| 8:41 | Guard Tower |
| 8:42 | Guard Tower |
| 8:53 | Guard Tower |
| 8:56 | Peasant |
| 8:56 | Peasant |
| 8:58 | Improved Lumber Harvesting |
| 9:02 | Improved Masonry |
| 9:03 | Advanced Masonry |
| 9:25 | Peasant |
| 9:31 | Scout Tower |
| 9:32 | Scout Tower |
| 9:35 | Guard Tower |
| 9:37 | Scout Tower |
| 9:37 | Scout Tower |
| 9:46 | Scout Tower |
| 9:47 | Scout Tower |
| 9:47 | Scout Tower |
| 9:48 | Scout Tower |
| 9:56 | Scout Tower |
| 9:56 | Scout Tower |
| 9:57 | Scout Tower |
| 10:04 | Guard Tower |
| 10:19 | Guard Tower |
| 10:20 | Peasant |
| 10:21 | Peasant |
| 10:21 | Peasant |
| 10:50 | Guard Tower |
| 10:53 | Scout Tower |
| 10:54 | Scout Tower |
| 10:54 | Scout Tower |
| 10:55 | Scout Tower |
| 11:05 | Guard Tower |
| 11:09 | Peasant |
| 11:09 | Peasant |
| 11:11 | Peasant |
| 11:11 | Peasant |
| 11:14 | Peasant |
| 11:14 | Peasant |
| 11:16 | Scout Tower |
| 11:17 | Scout Tower |
| 11:18 | Scout Tower |
| 11:18 | Scout Tower |
| 11:48 | Boots of Speed |
| 11:48 | Staff of Teleportation |
| 11:48 | Potion of Invisibility |
| 11:55 | Guard Tower |
| 11:57 | Scout Tower |
| 11:57 | Scout Tower |
| 11:58 | Scout Tower |
| 11:59 | Scout Tower |
| 11:59 | Scout Tower |
| 11:59 | Scout Tower |
| 12:02 | Guard Tower |
| 12:03 | Scout Tower |
| 12:04 | Scout Tower |
| 12:04 | Scout Tower |
| 12:13 | Guard Tower |
| 12:14 | Scout Tower |
| 12:15 | Scout Tower |
| 12:16 | Scout Tower |
| 12:16 | Scout Tower |
| 12:30 | Castle |
| 12:45 | Guard Tower |
| 12:57 | Guard Tower |
| 13:11 | Lesser Clarity Potion |
| 13:11 | Scroll of Regeneration |
| 13:16 | Guard Tower |
| 13:21 | Scout Tower |
| 13:22 | Scout Tower |
| 13:22 | Scout Tower |
| 13:23 | Scout Tower |
| 13:23 | Scout Tower |
| 13:24 | Scout Tower |
| 13:28 | Scout Tower |
| 13:28 | Scout Tower |
| 13:29 | Scout Tower |
| 13:30 | Scout Tower |
| 13:30 | Scout Tower |
| 13:31 | Scout Tower |
| 13:52 | Flame Strike |
| 13:53 | Guard Tower |
| 14:12 | Staff of Teleportation |
| 14:13 | Boots of Speed |
| 14:45 | Arcane Sanctum |
| 14:48 | Imbued Masonry |
| 14:52 | Guard Tower |
| 14:54 | Healing Salve |
| 14:57 | Orb of Lightning |
| 14:57 | Lesser Clarity Potion |
| 14:57 | Scroll of Speed |
| 15:18 | Scout Tower |
| 15:18 | Scout Tower |
| 15:23 | Brilliance Aura |
| 16:22 | Guard Tower |
| 16:26 | Scout Tower |
| 16:26 | Scout Tower |
| 16:54 | Gryphon Aviary |
| 16:54 | Gryphon Aviary |
| 16:57 | Staff of Sanctuary |
| 17:09 | Gryphon Aviary |
| 17:10 | Gryphon Aviary |
| 17:10 | Gryphon Aviary |
| 17:12 | Gryphon Aviary |
| 17:13 | Blacksmith |
| 17:16 | Farm |
| 17:16 | Farm |
| 17:17 | Farm |
| 17:18 | Farm |
| 17:18 | Farm |
| 17:33 | Farm |
| 17:33 | Farm |
| 17:34 | Farm |
| 17:35 | Farm |
| 17:40 | Magic Sentry |
| 17:40 | Sorceress Adept Training |
| 17:41 | Sorceress |
| 18:00 | Orb of Lightning |
| 18:04 | Scroll of Town Portal |
| 18:27 | Storm Hammers |
| 18:48 | Scroll of Town Portal |
| 18:50 | Scroll of Town Portal |
| 19:01 | Gryphon Rider |
| 19:04 | Guard Tower |
| 19:07 | Scout Tower |
| 19:08 | Scout Tower |
| 19:08 | Scout Tower |
| 19:14 | Studded Leather Armor |
| 19:14 | Iron Forged Swords |
| 19:16 | Barracks |
| 19:47 | Gryphon Rider |
| 20:02 | Gryphon Rider |
| 20:24 | Siphon Mana |
| 20:31 | Reinforced Leather Armor |
| 20:56 | Guard Tower |
| 21:15 | Long Rifles |
| 21:15 | Animal War Training |
| 22:12 | Scroll of Protection |
| 22:29 | Gryphon Rider |
| 23:21 | Blizzard |
| 23:36 | Gryphon Rider |
| 24:50 | Mass Teleport |
| 25:25 | Dragonhide Armor |
| 25:26 | Steel Forged Swords |
| 26:13 | Staff of Sanctuary |
| 27:02 | Gryphon Rider |
| 27:58 | Scroll of Regeneration |
| 28:00 | Scroll of Town Portal |
| 28:23 | Dragonhawk Rider |
| 28:54 | Town Hall |
| 30:03 | Summon Water Elemental |
| 30:03 | Summon Water Elemental |
| 30:45 | Brilliance Aura |
| 30:48 | Gryphon Rider |
| 32:15 | Summon Water Elemental |
| 32:25 | Arcane Vault |
| 32:54 | Scroll of Regeneration |
| 33:12 | Town Hall |
| 33:34 | Summon Water Elemental |
| 35:42 | Town Hall |
| 35:55 | Scroll of Regeneration |
| 35:55 | Scroll of Regeneration |
| Right click | 1442 |
| Select group | 956 |
| Select | 583 |
| Chat | 239 |
| Build/train/purchase | 224 |
| Use ability | 123 |
| Misc. action | 121 |
| Assign group | 52 |
| Esc | 3 |
| Item give/drop | 2 |
| Remove unit | 2 |


| Acolyte | 9 | 675 | / | 0 |
| Ghoul | 9 | 1080 | / | 0 |
| Crypt Fiend | 17 | 3655 | / | 680 |
| Gargoyle | 6 | 1050 | / | 180 |
| Abomination | 3 | 720 | / | 210 |
| total: | 44 | 7180g | / | 1070w |
| Spirit Tower | 6 | 870 | / | 240 |
| Nerubian Tower | 5 | 500 | / | 100 |
| Altar of Darkness | 1 | 180 | / | 50 |
| Crypt | 2 | 400 | / | 100 |
| Ziggurat | 6 | 900 | / | 300 |
| Graveyard | 1 | 215 | / | 0 |
| Necropolis | 3 | 675 | / | 0 |
| Slaughterhouse | 1 | 140 | / | 135 |
| Sacrificial Pit | 1 | 75 | / | 150 |
| Halls of the Dead | 2 | 640 | / | 420 |
| Black Citadel | 3 | 975 | / | 690 |
| total: | 15 | 2585g | / | 735w |
| 0:06 | Altar of Darkness |
| 0:11 | Crypt |
| 0:16 | Ziggurat |
| 0:26 | Acolyte |
| 0:26 | Acolyte |
| 0:46 | Acolyte |
| 1:13 | Acolyte |
| 1:14 | Ghoul |
| 1:23 | Ziggurat |
| 1:33 | Cannibalize |
| 1:34 | Ghoul |
| 1:50 | Ghoul |
| 2:25 | Frost Nova |
| 2:37 | Ghoul |
| 2:54 | Ziggurat |
| 2:58 | Crypt |
| 3:05 | Halls of the Dead |
| 3:44 | Ghoul |
| 4:19 | Ghoul |
| 4:19 | Ghoul |
| 4:44 | Ziggurat |
| 6:07 | Graveyard |
| 7:38 | Ghoul |
| 7:38 | Ghoul |
| 7:40 | Crypt Fiend |
| 7:40 | Crypt Fiend |
| 7:51 | Slaughterhouse |
| 7:57 | Sacrificial Pit |
| 8:05 | Ziggurat |
| 8:17 | Crypt Fiend |
| 8:17 | Crypt Fiend |
| 8:35 | Crypt Fiend |
| 8:56 | Gargoyle |
| 8:56 | Gargoyle |
| 9:02 | Crypt Fiend |
| 9:02 | Crypt Fiend |
| 9:10 | Black Citadel |
| 9:10 | Black Citadel |
| 9:32 | Crypt Fiend |
| 9:45 | Frost Armor |
| 10:08 | Necropolis |
| 10:27 | Gargoyle |
| 10:27 | Gargoyle |
| 11:41 | Gargoyle |
| 11:41 | Gargoyle |
| 12:11 | Carrion Swarm |
| 12:19 | Crypt Fiend |
| 12:23 | Crypt Fiend |
| 12:23 | Crypt Fiend |
| 12:28 | Acolyte |
| 13:03 | Crypt Fiend |
| 13:03 | Crypt Fiend |
| 13:33 | Ziggurat |
| 13:39 | Unholy Strength |
| 13:44 | Creature Carapace |
| 13:58 | Abomination |
| 14:39 | Spirit Tower |
| 14:39 | Spirit Tower |
| 16:36 | Crypt Fiend |
| 16:36 | Crypt Fiend |
| 17:42 | Necropolis |
| 18:08 | Necropolis |
| 18:29 | Web |
| 18:33 | Crypt Fiend |
| 18:37 | Abomination |
| 18:38 | Disease Cloud |
| 19:10 | Crypt Fiend |
| 19:24 | Abomination |
| 19:41 | Acolyte |
| 19:41 | Acolyte |
| 19:41 | Acolyte |
| 19:42 | Acolyte |
| 20:31 | Nerubian Tower |
| 20:33 | Nerubian Tower |
| 20:33 | Nerubian Tower |
| 20:35 | Spirit Tower |
| 20:36 | Spirit Tower |
| 22:06 | Frost Nova |
| Right click | 1234 |
| Select group | 772 |
| Chat | 532 |
| Select | 405 |
| Misc. action | 265 |
| Build/train/purchase | 93 |
| Assign group | 52 |
| Use ability | 21 |
| Minimap ping | 21 |
| Esc | 20 |
| Remove unit | 1 |
331 units @ 57.3k
/ 10.7k
92 buildings @ 14.6k
/ 6.7k



| Rod of Necromancy | 3 | 450 |
| Orb of Corruption | 2 | 750 |
| Scroll of Town Portal | 3 | 1050 |
| Potion of Lesser Invulnerability | 1 | 150 |
| total: | 9 | 2400g |
| Acolyte | 27 | 2025 | / | 0 |
| Ghoul | 5 | 600 | / | 0 |
| Crypt Fiend | 26 | 5590 | / | 1040 |
| Frost Wyrm | 17 | 6545 | / | 2040 |
| Gargoyle | 7 | 1225 | / | 210 |
| total: | 82 | 15985g | / | 3290w |
| Nerubian Tower | 2 | 200 | / | 40 |
| Spirit Tower | 9 | 1305 | / | 360 |
| Ziggurat | 10 | 1500 | / | 500 |
| Crypt | 1 | 200 | / | 50 |
| Graveyard | 2 | 430 | / | 0 |
| Altar of Darkness | 2 | 360 | / | 100 |
| Tomb of Relics | 1 | 130 | / | 30 |
| Necropolis | 1 | 225 | / | 0 |
| Sacrificial Pit | 2 | 150 | / | 300 |
| Slaughterhouse | 2 | 280 | / | 270 |
| Boneyard | 2 | 350 | / | 400 |
| Halls of the Dead | 2 | 640 | / | 420 |
| Black Citadel | 3 | 975 | / | 690 |
| total: | 23 | 3625g | / | 1650w |
| 0:07 | Acolyte |
| 0:07 | Acolyte |
| 0:11 | Ziggurat |
| 0:14 | Crypt |
| 0:41 | Graveyard |
| 1:03 | Altar of Darkness |
| 1:06 | Altar of Darkness |
| 1:17 | Ziggurat |
| 1:21 | Ghoul |
| 1:21 | Ghoul |
| 1:36 | Tomb of Relics |
| 2:02 | Ghoul |
| 2:14 | Crypt Fiend |
| 2:57 | Halls of the Dead |
| 3:11 | Rod of Necromancy |
| 3:18 | Death Coil |
| 3:22 | Crypt Fiend |
| 3:36 | Crypt Fiend |
| 3:37 | Crypt Fiend |
| 3:58 | Ziggurat |
| 4:19 | Crypt Fiend |
| 4:50 | Crypt Fiend |
| 4:57 | Creature Attack |
| 5:08 | Crypt Fiend |
| 5:09 | Crypt Fiend |
| 5:09 | Crypt Fiend |
| 5:17 | Unholy Aura |
| 5:54 | Web |
| 6:07 | Death Coil |
| 6:11 | Acolyte |
| 6:11 | Acolyte |
| 6:11 | Acolyte |
| 6:12 | Acolyte |
| 6:12 | Acolyte |
| 6:18 | Ziggurat |
| 6:21 | Nerubian Tower |
| 6:21 | Nerubian Tower |
| 6:36 | Rod of Necromancy |
| 6:36 | Rod of Necromancy |
| 7:49 | Scroll of Town Portal |
| 7:58 | Necropolis |
| 8:28 | Black Citadel |
| 8:29 | Black Citadel |
| 8:51 | Spirit Tower |
| 8:53 | Spirit Tower |
| 9:16 | Ziggurat |
| 9:17 | Ziggurat |
| 9:18 | Ziggurat |
| 9:20 | Ziggurat |
| 9:54 | Improved Creature Attack |
| 10:02 | Ghoul |
| 10:04 | Ghoul |
| 10:25 | Crypt Fiend |
| 10:45 | Frost Nova |
| 10:47 | Unholy Aura |
| 10:50 | Crypt Fiend |
| 10:56 | Sacrificial Pit |
| 11:05 | Spirit Tower |
| 11:05 | Spirit Tower |
| 11:49 | Sacrificial Pit |
| 12:06 | Crypt Fiend |
| 12:16 | Scroll of Town Portal |
| 12:21 | Orb of Corruption |
| 12:21 | Orb of Corruption |
| 12:36 | Ziggurat |
| 12:50 | Boneyard |
| 12:51 | Boneyard |
| 13:12 | Impale |
| 13:29 | Creature Carapace |
| 13:38 | Spirit Tower |
| 13:42 | Ziggurat |
| 14:13 | Frost Wyrm |
| 14:17 | Frost Wyrm |
| 14:48 | Frost Wyrm |
| 15:05 | Frost Armor |
| 15:13 | Freezing Breath |
| 15:45 | Spirit Tower |
| 16:14 | Spiked Carapace |
| 16:24 | Frost Wyrm |
| 16:24 | Frost Wyrm |
| 17:25 | Advanced Creature Attack |
| 18:10 | Spiked Carapace |
| 18:30 | Frost Wyrm |
| 18:30 | Frost Wyrm |
| 18:31 | Frost Wyrm |
| 18:34 | Frost Nova |
| 18:56 | Improved Creature Carapace |
| 18:59 | Death Coil |
| 19:37 | Acolyte |
| 19:38 | Acolyte |
| 19:38 | Acolyte |
| 19:38 | Acolyte |
| 19:41 | Acolyte |
| 20:15 | Frost Wyrm |
| 20:15 | Frost Wyrm |
| 20:32 | Graveyard |
| 21:11 | Advanced Creature Carapace |
| 21:16 | Scroll of Town Portal |
| 21:19 | Potion of Lesser Invulnerability |
| 23:13 | Ghoul Frenzy |
| 23:34 | Frost Armor |
| 24:09 | Slaughterhouse |
| 24:13 | Slaughterhouse |
| 25:00 | Gargoyle |
| 25:00 | Gargoyle |
| 25:00 | Gargoyle |
| 25:00 | Gargoyle |
| 25:33 | Impale |
| 25:37 | Gargoyle |
| 25:38 | Gargoyle |
| 25:38 | Gargoyle |
| 27:01 | Crypt Fiend |
| 27:01 | Crypt Fiend |
| 27:01 | Crypt Fiend |
| 27:32 | Frost Wyrm |
| 27:32 | Frost Wyrm |
| 28:48 | Frost Wyrm |
| 28:48 | Frost Wyrm |
| 29:27 | Frost Wyrm |
| 29:28 | Crypt Fiend |
| 29:28 | Crypt Fiend |
| 30:14 | Crypt Fiend |
| 30:14 | Crypt Fiend |
| 30:19 | Crypt Fiend |
| 30:19 | Crypt Fiend |
| 30:23 | Animate Dead |
| 30:45 | Acolyte |
| 30:45 | Acolyte |
| 30:46 | Acolyte |
| 30:46 | Acolyte |
| 30:46 | Acolyte |
| 31:31 | Crypt Fiend |
| 31:31 | Crypt Fiend |
| 31:33 | Frost Wyrm |
| 31:33 | Frost Wyrm |
| 31:50 | Crypt Fiend |
| 32:17 | Crypt Fiend |
| 32:17 | Crypt Fiend |
| 32:48 | Acolyte |
| 32:48 | Acolyte |
| 32:48 | Acolyte |
| 32:48 | Acolyte |
| 32:50 | Acolyte |
| 33:09 | Acolyte |
| 33:09 | Acolyte |
| 33:09 | Acolyte |
| 33:09 | Acolyte |
| 33:10 | Acolyte |
| 38:24 | Frost Nova |
| 38:30 | Spiked Carapace |
| 38:46 | Unholy Aura |
| Select group | 1759 |
| Right click | 1403 |
| Misc. action | 589 |
| Select | 373 |
| Build/train/purchase | 171 |
| Chat | 110 |
| Use ability | 69 |
| Assign group | 53 |
| Minimap ping | 17 |
| Item give/drop | 1 |

| Healing Salve | 2 | 200 |
| Scroll of Speed | 2 | 100 |
| Orb of Lightning | 1 | 375 |
| Scroll of Town Portal | 2 | 700 |
| total: | 7 | 1375g |
| Peon | 26 | 1950 | / | 0 |
| Wind Rider | 10 | 2650 | / | 400 |
| Troll Batrider | 9 | 1440 | / | 360 |
| total: | 45 | 6040g | / | 760w |
| Watch Tower | 6 | 660 | / | 480 |
| Altar of Storms | 1 | 180 | / | 50 |
| Orc Burrow | 9 | 1440 | / | 360 |
| War Mill | 1 | 205 | / | 0 |
| Voodoo Lounge | 1 | 130 | / | 30 |
| Beastiary | 2 | 290 | / | 280 |
| Stronghold | 1 | 315 | / | 190 |
| Fortress | 1 | 325 | / | 190 |
| total: | 20 | 2905g | / | 1200w |
| 0:04 | Peon |
| 0:05 | Peon |
| 0:09 | Altar of Storms |
| 0:15 | Orc Burrow |
| 0:23 | Peon |
| 0:25 | Peon |
| 0:34 | Peon |
| 0:43 | Peon |
| 0:50 | Peon |
| 1:01 | Peon |
| 1:08 | Peon |
| 2:06 | Stronghold |
| 2:11 | War Mill |
| 2:16 | Voodoo Lounge |
| 2:20 | Orc Burrow |
| 2:24 | Orc Burrow |
| 2:27 | Orc Burrow |
| 2:38 | Wind Walk |
| 3:59 | Healing Salve |
| 4:00 | Scroll of Speed |
| 4:30 | Beastiary |
| 4:33 | Beastiary |
| 5:00 | Steel Armor |
| 5:37 | Wind Rider |
| 5:38 | Wind Rider |
| 5:51 | Steel Ranged Weapons |
| 6:39 | Wind Rider |
| 7:12 | Mirror Image |
| 7:30 | Wind Rider |
| 8:22 | Fortress |
| 8:27 | Thorium Armor |
| 9:12 | Thorium Ranged Weapons |
| 10:42 | Scroll of Town Portal |
| 10:46 | Orb of Lightning |
| 10:51 | Peon |
| 10:51 | Peon |
| 10:51 | Peon |
| 10:51 | Peon |
| 10:51 | Peon |
| 10:57 | Peon |
| 11:05 | Peon |
| 12:04 | Arcanite Ranged Weapons |
| 12:05 | Arcanite Armor |
| 12:12 | Envenomed Spears |
| 13:16 | Peon |
| 13:16 | Peon |
| 13:17 | Peon |
| 13:36 | Peon |
| 13:36 | Peon |
| 13:55 | Peon |
| 13:56 | Peon |
| 14:00 | Peon |
| 14:04 | Peon |
| 14:12 | Peon |
| 14:34 | Watch Tower |
| 14:37 | Watch Tower |
| 15:25 | Orc Burrow |
| 15:28 | Orc Burrow |
| 15:29 | Orc Burrow |
| 16:10 | Watch Tower |
| 16:57 | Wind Rider |
| 16:58 | Wind Rider |
| 17:16 | Watch Tower |
| 18:06 | Watch Tower |
| 19:19 | Watch Tower |
| 20:46 | Critical Strike |
| 21:28 | Wind Rider |
| 21:28 | Wind Rider |
| 21:28 | Wind Rider |
| 21:28 | Wind Rider |
| 21:52 | Orc Burrow |
| 22:16 | Orc Burrow |
| 22:53 | Wind Walk |
| 24:20 | Liquid Fire |
| 24:27 | Troll Batrider |
| 24:28 | Troll Batrider |
| 24:28 | Troll Batrider |
| 24:28 | Troll Batrider |
| 25:35 | Troll Batrider |
| 25:36 | Troll Batrider |
| 26:03 | Troll Batrider |
| 26:39 | Troll Batrider |
| 27:24 | Troll Batrider |
| 29:55 | Wind Walk |
| 30:51 | Healing Salve |
| 30:52 | Scroll of Speed |
| 31:06 | Scroll of Town Portal |
| Right click | 405 |
| Select | 257 |
| Select group | 132 |
| Build/train/purchase | 75 |
| Resource trade | 57 |
| Assign group | 46 |
| Use ability | 25 |
| Remove unit | 9 |
| Misc. action | 2 |
| Item give/drop | 2 |


| Scroll of Town Portal | 3 | 1050 |
| Scroll of Healing | 1 | 250 |
| Potion of Lesser Invulnerability | 1 | 150 |
| Orb of Lightning | 1 | 375 |
| Healing Salve | 1 | 100 |
| Scroll of Speed | 1 | 50 |
| total: | 8 | 1975g |
| Wisp | 19 | 1140 | / | 0 |
| Archer | 16 | 2080 | / | 160 |
| Hippogryph | 30 | 4800 | / | 600 |
| Chimaera | 7 | 2310 | / | 490 |
| Forest Troll Shadow Priest | 2 | 390 | / | 20 |
| total: | 74 | 10720g | / | 1270w |
| Ancient Protector | 2 | 270 | / | 160 |
| Moon Well | 7 | 1260 | / | 280 |
| Ancient of War | 1 | 150 | / | 60 |
| Altar of Elders | 1 | 180 | / | 50 |
| Hunter's Hall | 1 | 210 | / | 100 |
| Tree of Life | 3 | 1020 | / | 555 |
| Ancient of Wind | 2 | 300 | / | 280 |
| Chimaera Roost | 2 | 280 | / | 380 |
| Tree of Ages | 3 | 960 | / | 540 |
| Tree of Eternity | 2 | 660 | / | 400 |
| total: | 19 | 3670g | / | 1865w |
| 0:21 | Wisp |
| 0:21 | Wisp |
| 0:21 | Wisp |
| 0:21 | Wisp |
| 0:51 | Moon Well |
| 1:07 | Ancient of War |
| 1:09 | Wisp |
| 1:09 | Wisp |
| 1:20 | Altar of Elders |
| 1:24 | Wisp |
| 1:25 | Wisp |
| 1:44 | Moon Well |
| 2:12 | Archer |
| 2:12 | Archer |
| 2:12 | Archer |
| 2:34 | Wisp |
| 2:34 | Wisp |
| 2:48 | Archer |
| 2:48 | Archer |
| 2:48 | Archer |
| 3:02 | Black Arrow |
| 3:16 | Tree of Ages |
| 3:16 | Tree of Ages |
| 3:36 | Archer |
| 3:36 | Archer |
| 3:36 | Archer |
| 3:52 | Hunter's Hall |
| 4:05 | Moon Well |
| 4:27 | Silence |
| 5:31 | Tree of Life |
| 5:40 | Improved Bows |
| 5:40 | Archer |
| 5:40 | Archer |
| 5:41 | Archer |
| 5:49 | Black Arrow |
| 6:07 | Ancient Protector |
| 6:09 | Ancient Protector |
| 7:23 | Tree of Eternity |
| 7:28 | Ancient of Wind |
| 7:41 | Wisp |
| 7:41 | Wisp |
| 7:41 | Wisp |
| 7:41 | Wisp |
| 7:41 | Wisp |
| 8:16 | Silence |
| 8:35 | Ancient of Wind |
| 8:37 | Hippogryph |
| 8:37 | Hippogryph |
| 8:37 | Hippogryph |
| 8:37 | Hippogryph |
| 9:40 | Scout |
| 9:49 | Forest Troll Shadow Priest |
| 10:05 | Hippogryph |
| 10:07 | Marksmanship |
| 11:32 | Archer |
| 11:32 | Archer |
| 11:33 | Archer |
| 11:58 | Moon Well |
| 11:58 | Moon Well |
| 12:18 | Trueshot Aura |
| 13:06 | Chimaera Roost |
| 13:08 | Hippogryph |
| 13:57 | Chimaera Roost |
| 14:17 | Hippogryph |
| 14:30 | Wisp |
| 14:30 | Wisp |
| 14:30 | Wisp |
| 14:30 | Wisp |
| 14:36 | Forest Troll Shadow Priest |
| 14:54 | Moon Well |
| 14:55 | Corrosive Breath |
| 14:56 | Chimaera |
| 15:31 | Chimaera |
| 16:03 | Black Arrow |
| 16:22 | Chimaera |
| 16:55 | Trueshot Aura |
| 16:56 | Trueshot Aura |
| 17:19 | Chimaera |
| 18:54 | Strength of the Wild |
| 18:54 | Reinforced Hides |
| 20:28 | Tree of Life |
| 20:52 | Scroll of Town Portal |
| 20:53 | Potion of Lesser Invulnerability |
| 20:53 | Scroll of Healing |
| 21:14 | Archer |
| 21:15 | Strength of the Moon |
| 21:16 | Well Spring |
| 21:17 | Ultravision |
| 23:09 | Searing Arrows |
| 23:41 | Charm |
| 24:24 | Hippogryph |
| 24:27 | Moon Well |
| 24:29 | Hippogryph |
| 24:29 | Hippogryph |
| 24:29 | Hippogryph |
| 24:30 | Hippogryph |
| 24:30 | Hippogryph |
| 24:33 | Chimaera |
| 24:33 | Chimaera |
| 24:33 | Chimaera |
| 24:49 | Orb of Lightning |
| 24:50 | Healing Salve |
| 25:07 | Scroll of Town Portal |
| 25:10 | Scroll of Town Portal |
| 25:12 | Scroll of Speed |
| 30:20 | Hippogryph |
| 30:20 | Hippogryph |
| 30:20 | Hippogryph |
| 30:20 | Hippogryph |
| 30:21 | Hippogryph |
| 30:21 | Hippogryph |
| 30:21 | Hippogryph |
| 30:21 | Hippogryph |
| 30:21 | Hippogryph |
| 30:43 | Trueshot Aura |
| 34:25 | Hippogryph |
| 34:25 | Hippogryph |
| 34:25 | Hippogryph |
| 34:42 | Improved Strength of the Wild |
| 34:43 | Improved Reinforced Hides |
| 35:54 | Hippogryph |
| 35:54 | Hippogryph |
| 35:54 | Hippogryph |
| 35:54 | Hippogryph |
| 35:54 | Hippogryph |
| 37:29 | Tree of Life |
| 38:13 | Life Drain |
| 38:43 | Starfall |
| Select group | 1253 |
| Right click | 751 |
| Select | 446 |
| Misc. action | 274 |
| Build/train/purchase | 157 |
| Assign group | 70 |
| Minimap ping | 33 |
| Use ability | 30 |
| Esc | 4 |
| Resource trade | 4 |
| Item give/drop | 1 |


| Peon | 29 | 2175 | / | 0 |
| Tauren | 34 | 9520 | / | 2720 |
| Demolisher | 43 | 9460 | / | 2150 |
| Troll Headhunter | 24 | 3360 | / | 480 |
| total: | 130 | 24515g | / | 5350w |
| Watch Tower | 6 | 660 | / | 480 |
| Orc Burrow | 13 | 2080 | / | 520 |
| Altar of Storms | 1 | 180 | / | 50 |
| War Mill | 1 | 205 | / | 0 |
| Barracks | 2 | 360 | / | 100 |
| Voodoo Lounge | 2 | 260 | / | 60 |
| Tauren Totem | 3 | 405 | / | 465 |
| Beastiary | 2 | 290 | / | 280 |
| Stronghold | 1 | 315 | / | 190 |
| Fortress | 1 | 325 | / | 190 |
| total: | 30 | 4440g | / | 1955w |
| 0:07 | Orc Burrow |
| 0:16 | Altar of Storms |
| 0:18 | Peon |
| 0:18 | Peon |
| 0:18 | Peon |
| 0:18 | Peon |
| 0:19 | Peon |
| 0:19 | Peon |
| 0:36 | Peon |
| 1:36 | Peon |
| 1:36 | Peon |
| 1:36 | Peon |
| 2:24 | Feral Spirit |
| 2:26 | Stronghold |
| 3:01 | Orc Burrow |
| 3:04 | Orc Burrow |
| 5:01 | Tauren Totem |
| 5:02 | Fortress |
| 5:05 | Tauren Totem |
| 5:07 | War Mill |
| 5:13 | Orc Burrow |
| 5:29 | Tauren Totem |
| 6:36 | Orc Burrow |
| 6:38 | Orc Burrow |
| 7:22 | Barracks |
| 7:27 | Tauren |
| 7:27 | Tauren |
| 7:27 | Tauren |
| 7:28 | Tauren |
| 7:28 | Tauren |
| 7:28 | Tauren |
| 7:34 | Peon |
| 7:34 | Peon |
| 7:48 | Healing Wave |
| 8:10 | Tauren |
| 8:10 | Tauren |
| 8:11 | Tauren |
| 8:11 | Tauren |
| 8:19 | Barracks |
| 9:07 | Chain Lighting |
| 9:16 | Tauren |
| 9:16 | Tauren |
| 9:17 | Tauren |
| 9:17 | Tauren |
| 9:17 | Tauren |
| 9:31 | Demolisher |
| 9:31 | Demolisher |
| 9:36 | Orc Burrow |
| 11:43 | Tauren |
| 11:43 | Tauren |
| 11:43 | Tauren |
| 11:43 | Tauren |
| 11:43 | Tauren |
| 11:43 | Tauren |
| 11:47 | Serpent Ward |
| 12:18 | Peon |
| 12:18 | Peon |
| 12:18 | Peon |
| 12:19 | Peon |
| 12:19 | Peon |
| 13:23 | Tauren |
| 13:23 | Tauren |
| 13:51 | Tauren |
| 13:51 | Tauren |
| 13:51 | Tauren |
| 13:51 | Tauren |
| 13:51 | Tauren |
| 13:57 | Orc Burrow |
| 14:04 | Orc Burrow |
| 14:26 | Demolisher |
| 14:26 | Demolisher |
| 14:26 | Demolisher |
| 15:29 | Demolisher |
| 15:30 | Demolisher |
| 17:21 | Demolisher |
| 17:21 | Demolisher |
| 17:21 | Demolisher |
| 17:21 | Demolisher |
| 17:22 | Demolisher |
| 17:22 | Demolisher |
| 19:13 | Tauren |
| 19:13 | Tauren |
| 19:13 | Tauren |
| 19:13 | Tauren |
| 19:14 | Tauren |
| 19:14 | Tauren |
| 21:14 | Beastiary |
| 21:18 | Voodoo Lounge |
| 21:20 | Voodoo Lounge |
| 21:30 | Feral Spirit |
| 21:55 | Troll Headhunter |
| 21:56 | Troll Headhunter |
| 21:56 | Troll Headhunter |
| 21:56 | Troll Headhunter |
| 21:56 | Troll Headhunter |
| 21:56 | Troll Headhunter |
| 21:56 | Troll Headhunter |
| 21:56 | Troll Headhunter |
| 22:52 | Demolisher |
| 22:52 | Demolisher |
| 22:52 | Demolisher |
| 22:52 | Demolisher |
| 22:53 | Demolisher |
| 22:53 | Demolisher |
| 22:53 | Demolisher |
| 24:08 | Watch Tower |
| 24:11 | Watch Tower |
| 24:13 | Watch Tower |
| 24:14 | Watch Tower |
| 24:19 | Watch Tower |
| 24:26 | Watch Tower |
| 26:06 | Troll Headhunter |
| 26:06 | Troll Headhunter |
| 26:06 | Troll Headhunter |
| 26:06 | Troll Headhunter |
| 26:06 | Troll Headhunter |
| 26:06 | Troll Headhunter |
| 26:06 | Troll Headhunter |
| 26:07 | Troll Headhunter |
| 26:07 | Troll Headhunter |
| 26:07 | Troll Headhunter |
| 26:07 | Troll Headhunter |
| 27:14 | Troll Headhunter |
| 27:14 | Troll Headhunter |
| 27:15 | Troll Headhunter |
| 27:15 | Troll Headhunter |
| 27:15 | Troll Headhunter |
| 28:11 | Demolisher |
| 28:11 | Demolisher |
| 28:11 | Demolisher |
| 28:11 | Demolisher |
| 28:11 | Demolisher |
| 28:11 | Demolisher |
| 28:11 | Demolisher |
| 28:50 | Burning Oil |
| 29:22 | Demolisher |
| 29:22 | Demolisher |
| 29:23 | Demolisher |
| 29:23 | Demolisher |
| 29:23 | Demolisher |
| 29:23 | Demolisher |
| 29:23 | Demolisher |
| 29:23 | Demolisher |
| 29:23 | Demolisher |
| 30:43 | Demolisher |
| 30:43 | Demolisher |
| 30:44 | Demolisher |
| 30:44 | Demolisher |
| 30:44 | Demolisher |
| 30:44 | Demolisher |
| 30:44 | Demolisher |
| 30:50 | Serpent Ward |
| 32:20 | Chain Lighting |
| 33:25 | Beastiary |
| 35:11 | Orc Burrow |
| 35:13 | Orc Burrow |
| 35:14 | Orc Burrow |
| 35:16 | Orc Burrow |
| 37:04 | Peon |
| 37:04 | Peon |
| 37:05 | Peon |
| 38:40 | Peon |
| 38:40 | Peon |
| 38:41 | Peon |
| 38:41 | Peon |
| 38:41 | Peon |
| 38:41 | Peon |
| 38:41 | Peon |
| 38:41 | Peon |
| 38:41 | Peon |
| Right click | 924 |
| Select | 559 |
| Build/train/purchase | 196 |
| Misc. action | 59 |
| Select group | 58 |
| Chat | 33 |
| Assign group | 25 |
| Use ability | 23 |
| Resource trade | 18 |
| Remove unit | 16 |
| Minimap ping | 10 |
⇛